[Event "Baku Open 2024"]
[Site "Baku"]
[Date "2024.07.07"]
[Round "9.12"]
[White "Novozhilov, Semen"]
[Black "Gokerkan, Cem Kaan"]
[Result "1-0"]
[ECO "E05"]
[WhiteElo "2288"]
[BlackElo "2512"]
[Annotator "TA"]
[PlyCount "115"]
[EventDate "2024.06.29"]
[EventType "swiss"]
[EventCountry "AZE"]
[SourceTitle "playchess.com"]
[Source "ChessBase"]
[SourceQuality "1"]
[TimeControl "5400+30"]

1. d4 Nf6 2. c4 e6 3. Nf3 d5 4. g3 Be7 5. Bg2 O-O 6. O-O dxc4 7. Qc2 b5 8. a4 {[%emt 0:00:42] E05: Open Catalan: 5 Nf3 Be7.} b4 9. Nfd2 Nd5 10. Nxc4 c5 11. dxc5 Bxc5 12. e4 Nb6 13. Rd1 (13. Ncd2 $14 N8d7 14. a5) 13... N8d7 $1 $11 14. Ne5 (14. Nxb6 $11 axb6 15. Nd2) 14... a5 $1 $15 15. Bf4 Ba6 16. Bf1 $146 ({Predecessor:} 16. Nd2 Be2 17. Re1 Rc8 18. Qb3 Nxe5 19. Rxe2 Nd3 20. Rd1 Nxf4 21. gxf4 Qf6 22. Qf3 Qxb2 {0-1 Budzisz,A (2064)-Suder,J (2321) POL-ch U18 Sypniewo 2022 (9)}) 16... Bxf1 17. Kxf1 Rc8 18. Qe2 Qe7 19. Nxd7 Nxd7 20. Nd2 e5 21. Be3 Qe6 22. Rac1 h6 (22... Bxe3 $11 23. Qxe3 Nf6) 23. Nc4 Nf6 24. Bxc5 Rxc5 25. b3 (25. Kg2 {keeps more tension.} b3 26. Rd6 Qc8 27. Rb6) 25... Rfc8 (25... h5 {is more complex.} 26. Kg2 h4 27. Rd2 h3+) 26. Rc2 (26. Kg2 $14) 26... Nd7 (26... Qh3+ $11 {remains equal.} 27. Kg1 Nh7) 27. Kg2 $16 R8c6 28. Rcd2 Nf6 29. f3 Qe7 30. Rd8+ Kh7 31. Qd3 Qc7 32. Ra8 $2 (32. Rd2 $18) 32... Rxc4 $1 $11 33. bxc4 Rxc4 34. Rd2 Rc1 $1 35. Rf2 Qc5 ({Black should play} 35... Nd7 $11) 36. Rb8 (36. Ra6 $1 $14) 36... Ra1 (36... Rc3 $1 $11 37. Qb5 Qd6) 37. Qc2 Qe3 $2 (37... Qxc2 $16 38. Rxc2 Rxa4) 38. Qc8 $18 Qg5 39. Qf5+ $2 (39. Rb5 $18) 39... Qxf5 $14 40. exf5 Rxa4 (40... Nd5 $1 $11) 41. Rc2 g6 $2 ({Black should try} 41... Nd5 $14 42. Kf2 Nc3) 42. Rc6 $18 Kg7 43. fxg6 Ra2+ 44. Kh3 Rf2 45. gxf7 Kxf7 46. Rb7+ Kg6 47. f4 exf4 {[%emt 0:00:02] [#]} 48. g4 $1 Rf3+ 49. Kh4 Rc3 50. Ra6 Rc8 51. Rbb6 Rf8 52. Rxa5 f3 53. Rf5 h5 54. Rxh5 (54. gxh5+ Kxf5 55. Rb5+ Kf4 56. Rxb4+ Ne4 57. h6 f2 58. Rb1 Nd2 59. Ra1 Nf3+ (59... f1=R 60. Rxf1+ Nxf1 61. h7 Rh8 62. Kh5 Rxh7+ 63. Kg6 Rxh2 64. Kf7 Re2 65. Kg6 Ng3 66. Kg7 Kg5 67. Kf7 Nf5 68. Kg8 Re7 69. Kf8 Kg6 70. Kg8 Re8#) 60. Kh5 Ne1 (60... Nxh2 $2 61. h7 $19) (60... Rf5+ $2 61. Kg6 $19) 61. Ra4+ Ke5 (61... Ke3 62. Ra3+ Kd2 63. Ra2+ Nc2 64. h7 f1=Q 65. Ra5 Qf7+ 66. Kh6 Rh8 67. Kg5 Rxh7 68. Ra6 Rh5+ 69. Kg4 Ne3+ 70. Kg3 Rg5+ 71. Kh4 Qh5#) 62. Ra5+ Kd4 63. Ra4+ Kc3 64. Ra3+ Kb4 65. Rg3 f1=Q (65... f1=R $2 66. h7 $19) 66. Rg4+ Kc3 67. Rg3+ Nd3 68. Kh4 Qf4+ 69. Rg4 Qxh6+ (69... Qxh2+ 70. Kg5 Rg8+ 71. Kf6 Qxh6+ 72. Kf7 Rxg4 73. Ke7 Rg7+ 74. Kf8 Qh8#) 70. Kg3 Qe3+ 71. Kg2 Qf3+ 72. Kg1 Qf1#) 54... f2 55. Rf5 Kg7 56. Rb7+ ({Not} 56. Rxb4 Ne4 57. Rb7+ (57. Rxe4 Rxf5 58. gxf5 f1=Q $19) 57... Kg8 $11) 56... Kg6 57. Rg5+ Kh6 58. Rbg7 $1 1-0

[Event "Baku Open 2024"]
[Site "Baku"]
[Date "2024.07.07"]
[Round "9.13"]
[White "Agmanov, Zhandos"]
[Black "Kamalidenova, Meruert"]
[Result "1/2-1/2"]
[ECO "C47"]
[WhiteElo "2464"]
[BlackElo "2360"]
[Annotator "TA"]
[PlyCount "21"]
[EventDate "2024.06.29"]
[EventType "swiss"]
[EventCountry "AZE"]
[SourceTitle "playchess.com"]
[Source "ChessBase"]
[SourceQuality "1"]
[TimeControl "5400+30"]

1. e4 e5 2. Nf3 Nc6 3. Nc3 Nf6 4. d4 exd4 5. Nxd4 Bb4 6. Nxc6 bxc6 7. Bd3 d5 8. Bd2 O-O 9. O-O {[%emt 0:00:23][%cal Oc3d5] The position is equal.} Bxc3 10. Bxc3 Nxe4 11. Bxe4 {[%emt 0:00:07] An uneventful encounter.   OK:         	---       	Black=1} 1/2-1/2

[Event "Baku Open 2024"]
[Site "Baku"]
[Date "2024.07.07"]
[Round "9.14"]
[White "Stribuk, Artiom"]
[Black "Akhilbay, Imangali"]
[Result "1-0"]
[ECO "A28"]
[WhiteElo "2422"]
[BlackElo "2303"]
[Annotator "TA"]
[PlyCount "67"]
[EventDate "2024.06.29"]
[EventType "swiss"]
[EventCountry "AZE"]
[SourceTitle "playchess.com"]
[Source "ChessBase"]
[SourceQuality "1"]
[TimeControl "5400+30"]

1. c4 e5 2. Nc3 Nf6 3. Nf3 Nc6 4. d3 h6 5. e3 g6 6. Be2 Bg7 7. O-O O-O 8. a3 {[%emt 0:00:47] White has an edge.} a5 9. Qc2 d5 10. cxd5 Nxd5 11. Bd2 Nb6 12. b3 f5 13. Bc1 g5 14. Nd2 Be6 15. Rb1 g4 16. g3 h5 17. Re1 Rf7 18. Bf1 h4 19. Bb2 Bf8 (19... Qd7 $15) 20. Nc4 Bg7 21. Rbd1 {[%emt 0:03:37] Strongly threatening Nxb6.} Rd7 $2 (21... Qe7 $11) 22. Nxb6 $18 cxb6 {[%emt 0:00:05] [#]} 23. d4 $1 {[%emt 0:00:19][%cal Od4d5] Threatens to win with d5!} hxg3 $2 (23... Ne7 24. Bb5 (24. gxh4 e4 $11) 24... Rd6 25. dxe5 (25. gxh4 Ng6 $15) 25... Bxe5) 24. d5 gxh2+ 25. Kh1 $1 Rxd5 (25... Bxd5+ 26. Nxd5 Rxd5 27. Bc4 $18 (27. Kxh2 Qh4+ 28. Kg2 Rxd1 $17)) 26. Bc4 Rxd1 27. Bxe6+ Kh8 28. Rxd1 Qh4 29. Qxf5 Bh6 $2 (29... Rf8 30. Qxg4 Qxg4 31. Bxg4 Rxf2) 30. Ne4 {[%emt 0:00:43][%cal Od1d7] [#] Rd7! would kill now.} Rf8 31. Qxg4 (31. Qg6 $142 Bxe3 32. fxe3) 31... Qe7 32. Rd7 {[%emt 0:00:41] White mates.} Qe8 33. Bf5 Rf7 34. Qg6 {[%emt 0:00:15] Weighted Error Value: White=0.42/Black=0.53.  Loses game:     	---       	Black=1      Mistake:       	---       	Black=3      Inaccurate:     	White=2     	Black=1      OK:         	White=7     	Black=7      Best:        	White=2     	Black=1      Strong:       	White=2     	---} 1-0

[Event "Baku Open 2024"]
[Site "Baku"]
[Date "2024.07.07"]
[Round "9.15"]
[White "Kaldarova, Ayaulym"]
[Black "Aradhya, Garg"]
[Result "0-1"]
[ECO "A38"]
[WhiteElo "2100"]
[BlackElo "2418"]
[Annotator "TA"]
[PlyCount "84"]
[EventDate "2024.06.29"]
[EventType "swiss"]
[EventCountry "AZE"]
[SourceTitle "playchess.com"]
[Source "ChessBase"]
[SourceQuality "1"]
[TimeControl "5400+30"]

1. Nf3 Nf6 2. c4 c5 3. Nc3 Nc6 4. g3 g6 5. d4 cxd4 6. Nxd4 Bg7 7. Bg2 h5 8. h4 Ng4 9. e3 O-O {[%emt 0:01:59][%cal Od7d5] The position is equal.} 10. O-O d6 11. b3 d5 12. cxd5 Nxd4 13. exd4 Qb6 14. Na4 Qxd4 15. Qxd4 Bxd4 16. Bb2 Bxb2 17. Nxb2 Bf5 18. Rfe1 Rfe8 19. Rac1 Rac8 20. Nc4 b6 21. Bf3 Kf8 22. d6 b5 23. dxe7+ Rxe7 24. Rxe7 Kxe7 25. Re1+ Be6 26. Ne5 (26. Na3 $11) 26... Nxe5 $17 27. Rxe5 {[%emt 0:00:06][%mdl 4096] Endgame. KRB-KRB} a6 28. Kg2 {[%emt 0:15:24] [#]} Rc2 (28... Kd6 $1 $17 29. Re3 Rc2) 29. a4 $2 {[%emt 0:01:23] This costs White the game.} (29. Re2 $15 Rxe2 30. Bxe2) 29... Kd6 $1 $19 30. Re3 b4 31. Re4 a5 (31... Bxb3 32. Rxb4 Bc4 33. Rb6+ Kc5 34. Rc6+ Kb4 35. Rf6 $11) 32. Rd4+ Ke5 33. Re4+ {[%emt 0:02:50] [#]} Kf6 $1 34. Rd4 (34. Bd1 $142 Rd2 35. Re1) 34... Bxb3 35. Bd1 Bxa4 36. Rd6+ Ke5 37. Bxc2 Bxc2 {[%emt 0:00:05] KR-KB} 38. Rb6 b3 39. f4+ Kd4 {[%emt 0:00:22] And now ...a4 would win.} 40. g4 Kc3 {[%emt 0:00:32] ( -> ...b2)} 41. f5 b2 42. gxh5 gxh5 {[%emt 0:00:15] Weighted Error Value: White=0.91/Black=0.23 (precise) .  Loses game:     	White=1     	---        Mistake:       	White=2     	Black=2      Inaccurate:     	White=5     	---        OK:         	White=10    	Black=13     Best:        	---       	Black=3      Strong:       	---       	Black=1} (42... b1=B $2 {perishes.} 43. h6 Ba4 44. h7 (44. Rxb1 Bc6+ 45. Kf2 Be4 $18) 44... Be4+ 45. Kg3 $18) 0-1

[Event "Baku Open 2024"]
[Site "Baku"]
[Date "2024.07.07"]
[Round "9.16"]
[White "Talibov, Shiroghlan"]
[Black "Md Imran"]
[Result "1-0"]
[ECO "C12"]
[WhiteElo "2361"]
[BlackElo "2180"]
[Annotator "TA"]
[PlyCount "75"]
[EventDate "2024.06.29"]
[EventType "swiss"]
[EventCountry "AZE"]
[SourceTitle "playchess.com"]
[Source "ChessBase"]
[SourceQuality "1"]
[TimeControl "5400+30"]

1. e4 e6 2. d4 d5 3. Nc3 Nf6 4. Bg5 Bb4 5. e5 h6 6. Bd2 Bxc3 7. bxc3 Ne4 8. Qg4 Kf8 9. Bd3 Nxd2 10. Kxd2 Qg5+ 11. Qxg5 hxg5 12. Rf1 Bd7 13. g4 c5 14. Nf3 {[%emt 0:06:18] The position is equal.} Nc6 (14... c4 $5 15. Be2 $8 f6 $14) 15. dxc5 Ke7 16. Re1 f6 17. h4 (17. exf6+ $14 gxf6 18. h4) 17... fxe5 {[%emt 0:04:43] aiming for ...e4.} 18. Nxg5 e4 19. Be2 Raf8 (19... Rac8 $11 {remains equal.}) 20. f3 $16 Ne5 21. fxe4 dxe4 22. Ke3 {[%emt 0:00:12][%cal Oe1b1] Against Rf4} Ng6 23. Ref1 (23. Nxe4 Nxh4 24. Ref1 Bc6 $11) 23... e5 24. Rxf8 (24. Nxe4 Rxf1 25. Rxf1 (25. Bxf1 Nxh4 26. Nd6 b6 $11) 25... Rxh4 $14) 24... Rxf8 {[%emt 0:00:50] [#]} 25. Bc4 (25. Kxe4 $2 Bc6+ 26. Ke3 Bxh1 $19) (25. Nxe4 Nf4 26. Bd3 Ng2+ 27. Kd2 Rf4 $14) (25. Rb1 $1 $16 Rb8 26. h5 (26. Nxe4 Nxh4 27. Nd6 Bc6 $16) (26. Kxe4 Bc6+ 27. Kf5 Nxh4+ 28. Kxe5 Rd8 $16)) 25... Bxg4 (25... Rf4 $1 $11) 26. Bd5 (26. Kxe4 $2 Rf4+ 27. Ke3 (27. Kd5 $2 Bd7 $19) 27... Rxc4 $19) 26... b6 27. Bxe4 Bf5 28. Rb1 {[%emt 0:04:12] Threatens to win with Nh7. White is more active.} Bxe4 29. Kxe4 bxc5 $14 {[%emt 0:02:15][%mdl 4096] Endgame. KRN-KRN. Loses the game.} (29... Rf6 $14) 30. h5 $18 Nh4 31. Kd5 {[%emt 0:03:16] [#] Rb7+ is the strong threat.} (31. Kxe5 $2 {too greedy.} Rf5+ 32. Ke4 Rxg5 $19) 31... Rd8+ $2 (31... Rh8 {was called for.} 32. Rb7+ (32. Kxe5 Rxh5 33. Rb7+ Ke8 $11) (32. Kxc5 Rxh5 33. Rb7+ Ke8 $16) 32... Kf6) 32. Kxe5 ({Inferior is} 32. Kxc5 Nf5 $11) 32... Rd7 33. Rg1 {[%emt 0:01:43] Repels Ng2. Rg4 would now be deadly.} Rd2 34. Rg4 Rg2 35. Rxg2 Nxg2 36. Ne6 Ne3 37. Nxg7 {[%emt 0:00:49] White wants to mate with Nf5+.} Nxc2 (37... Nc4+ $142 38. Kd5 Ne3+ 39. Kxc5 Kf7) 38. Nf5+ {[%emt 0:00:26] Weighted Error Value: White=0.12 (very precise) /Black=0.35.  Mistake:       	White=2     	Black=5      Inaccurate:     	White=1     	Black=3      OK:         	White=12    	Black=3      Best:        	White=4     	Black=2} 1-0

[Event "Baku Open 2024"]
[Site "Baku"]
[Date "2024.07.07"]
[Round "9.17"]
[White "Iskandarov, Misratdin"]
[Black "Rustamov, Rustam"]
[Result "1-0"]
[ECO "A28"]
[WhiteElo "2524"]
[BlackElo "2285"]
[Annotator "TA"]
[PlyCount "79"]
[EventDate "2024.06.29"]
[EventType "swiss"]
[EventCountry "AZE"]
[SourceTitle "playchess.com"]
[Source "ChessBase"]
[SourceQuality "1"]
[TimeControl "5400+30"]

1. c4 Nf6 2. Nc3 e5 3. Nf3 Nc6 4. e3 d5 5. cxd5 Nxd5 6. Bb5 Nxc3 7. bxc3 Bd6 8. d4 Bd7 9. a4 a6 10. Be2 O-O {[%emt 0:01:19] White has an edge.} 11. O-O Qe7 12. Nd2 exd4 13. cxd4 Rfe8 14. Bf3 Rab8 15. Nc4 Bb4 16. Qc2 b5 17. axb5 axb5 18. Nd2 (18. Nb2 $5 Qd6 19. Ra6 $16 (19. Nd3 Bf5 $16)) 18... Na5 19. Nb1 (19. Qxc7 $5 Rbc8 20. Qa7 $11) 19... c5 20. dxc5 Rec8 21. Bd2 Bxc5 {[%emt 0:08:43] White leaves nothing to chance now.} 22. Bxa5 $16 ({Much less strong is} 22. Rxa5 $6 Bb6 23. Qa2 Bxa5 24. Qxa5 (24. Bxa5 b4 $17) 24... b4 $14) 22... Bd4 {[%emt 0:01:10] [#]} (22... Bd6 $16 {was called for.} 23. Qe4 b4) 23. Qxc8+ $3 $18 Rxc8 24. exd4 Qf6 (24... b4 $142 25. Nd2 Bf5) 25. Nc3 {[%emt 0:00:42][%cal Bb1c3,Bc3b5,Bb5a7,Ba7c6][%mdl 32] aiming for Nd5.} Be6 26. Nxb5 h6 27. d5 Bd7 28. Na7 Rc2 29. Nc6 g5 30. Bb6 Rd2 {[%emt 0:00:43] Against Bd4} 31. Be3 Rd3 32. Be4 Rxe3 33. fxe3 Qc3 34. Kh1 Kg7 35. Nd4 {[%emt 0:00:14][%cal Od4e6] Strongly threatening Ne6+!} Qxe3 36. Nf5+ Bxf5 37. Bxf5 {[%emt 0:00:04] White wants to mate with Rad1.} Qe5 38. Rad1 {[%emt 0:00:39] White threatens d6 and mate.} Qd6 39. Be4 Qe5 {[%emt 0:00:08] [#]} 40. d6 $1 {[%emt 0:41:05] Weighted Error Value: White=0.09 (flawless) /Black=0.47.  Mistake:       	---       	Black=3      Inaccurate:     	White=2     	Black=4      OK:         	White=12    	Black=5      Best:        	White=2     	---} 1-0

[Event "Baku Open 2024"]
[Site "Baku"]
[Date "2024.07.07"]
[Round "9.18"]
[White "Zhalmakhanov, Ramazan"]
[Black "Suleymanli, Suleyman"]
[Result "1-0"]
[ECO "C14"]
[WhiteElo "2505"]
[BlackElo "2262"]
[Annotator "TA"]
[PlyCount "97"]
[EventDate "2024.06.29"]
[EventType "swiss"]
[EventCountry "AZE"]
[SourceTitle "playchess.com"]
[Source "ChessBase"]
[SourceQuality "1"]
[TimeControl "5400+30"]

1. e4 e6 2. d4 d5 3. Nc3 Nf6 4. Bg5 Be7 5. e5 Nfd7 6. h4 h6 7. Be3 c5 8. Qg4 g6 9. dxc5 Nxe5 10. Qg3 {[%emt 0:01:06] The position is equal.} Nbc6 11. O-O-O h5 12. Bf4 Ng4 13. f3 $36 {[%emt 0:02:59][%mdl 2048] Black is under pressure.} e5 $2 (13... Nf6 $1 $11 {and Black has nothing to worry.}) 14. Rxd5 $18 Qa5 15. Bg5 Be6 16. Bxe7 Ne3 (16... Nxe7 $142 17. Rd3 (17. fxg4 Nxd5 18. Nxd5 O-O-O $14) 17... Nf5) 17. Bb5 Nxd5 18. Nxd5 (18. Qxe5 $2 Qxb5 (18... Kxe7 $2 19. Nxd5+ Kd7 20. Bxc6+ bxc6 21. Qd6+ Kc8 22. Ne7+ Kb7 23. Qxc6+ Kb8 24. Qxe6 $18) (18... Nxc3 19. Bxc6+ Kxe7 20. Qd6+ Kf6 21. Qd4+ Ke7 22. Qd6+ Kf6 23. Qd4+ Ke7 24. Qd6+ $11) 19. Qxh8+ Kxe7 20. Nxb5 (20. Qxa8 Nxc3 21. Nh3 Nxa2+ 22. Kb1 Nc3+ 23. Kc1 Ne2+ 24. Kd1 Ned4 $19) 20... Rxh8 $19) 18... Bxd5 {[%emt 0:01:05] [#]} 19. Bxc6+ (19. Qxe5 $2 Qxb5 20. Qxh8+ Kxe7 21. Qxa8 Qf1+ (21... Qxc5 $2 22. Qxb7+ Kf8 23. Nh3 $18) 22. Kd2 Qxg2+ 23. Ne2 Qxh1 $19) 19... bxc6 20. Qxe5 {[%emt 0:00:22] Black must now prevent Ne2.} Kd7 {[%emt 0:00:55] [#] Black is weak on the dark squares} 21. c4 $1 Rae8 (21... Bxc4 $2 22. Qd6+ Ke8 23. Nh3 $18 (23. Qe5 Rh7 $16)) 22. cxd5 Qxc5+ 23. Bxc5 Rxe5 24. Nh3 ({Don't take} 24. Bxa7 Re1+ 25. Kd2 Rb1) 24... cxd5 (24... Rxd5 {was called for.} 25. Rd1 (25. Bxa7 Ra8 $18) 25... Rxd1+ 26. Kxd1 Rb8) 25. Bxa7 Ra8 26. Bd4 Ree8 27. Kb1 Reb8 28. Nf4 Rb5 29. Rd1 Kd6 30. b3 Rg8 31. Bf6 Rc8 32. Kb2 Ra8 {[%emt 0:00:18] [#]} 33. a4 $1 Rc5 (33... Rxa4 34. Nxd5) 34. Bd4 Rc6 35. Bc3 Ke7 36. Nxd5+ Ke6 37. Nf4+ Ke7 38. a5 Rb8 39. Nd5+ Ke6 40. Nb6 Rc5 41. b4 Rb5 42. Kb3 g5 43. Re1+ Kf5 44. Kc4 R5xb6 45. axb6 gxh4 46. Re5+ {[%emt 0:00:18] White mates.} Kf4 47. Re4+ Kg5 48. Bd4 f5 49. Re7 {[%emt 0:00:06] White took control after the opening.   Weighted Error Value: White=0.05 (flawless) /Black=0.33.  Loses game:     	---       	Black=1      Mistake:       	---       	Black=2      OK:         	White=16    	Black=9      Best:        	White=1     	---        Brilliant:      	White=1     	---} 1-0

[Event "Baku Open 2024"]
[Site "Baku"]
[Date "2024.07.07"]
[Round "9.20"]
[White "Aleksandrov, Aleksej"]
[Black "Tregubenko, Nikolay"]
[Result "1-0"]
[ECO "E73"]
[WhiteElo "2405"]
[BlackElo "2246"]
[Annotator "TA"]
[PlyCount "81"]
[EventDate "2024.06.29"]
[EventType "swiss"]
[EventCountry "AZE"]
[SourceTitle "playchess.com"]
[Source "ChessBase"]
[SourceQuality "1"]
[TimeControl "5400+30"]

1. d4 Nf6 2. c4 g6 3. Nc3 Bg7 4. e4 d6 5. Be2 O-O 6. Be3 e5 7. d5 Na6 {[%emt 0:00:07] The main line 7...Na6 scores better than 7...a5.} 8. h4 Nc5 {[%emt 0:00:23] E73: King's Indian: Averbakh Variation without 6...c5.} 9. Qc2 Qe8 10. h5 Nxh5 11. Bxh5 (11. Bxc5 {simplifies} dxc5 12. Nb5 Qd7 13. Bxh5 gxh5 14. Rxh5 a6 15. Nc3) 11... gxh5 12. Nb5 $146 ({Predecessor:} 12. Bxc5 dxc5 13. Nf3 f5 14. O-O-O fxe4 15. Nxe4 Bf5 16. Rde1 h6 17. Qe2 b5 18. Nfd2 bxc4 19. Nxc4 {1-0 Abdusattorov,N (2661)-Giri,A (2773) Chess.com Rapid Wk12 Swiss 2022 (4)}) 12... Qe7 (12... Na6 $11) 13. Rxh5 $14 (13. Bxc5 {simplifies} dxc5 14. Rxh5 a6 15. Nc3) 13... f5 ({Black should try} 13... a6 $14 14. Nc3 Qe8) 14. exf5 $18 e4 15. g4 Nd3+ 16. Kf1 Bxb2 17. Rd1 Be5 (17... Bf6 $142 18. Nh3 (18. Nxa7 Rxa7 19. Bxa7 Qg7 $11) 18... Bd7 19. Nxc7 (19. Nxa7 $2 Be8 $19) 19... Rac8) 18. Rxd3 (18. Bxa7 $2 b6 19. Nh3 Bd7 $19) 18... exd3 19. Qxd3 c5 $2 (19... Bd7 {is a better defense.} 20. Nf3 (20. Bxa7 $2 Bxb5 21. Be3 Be8 $19) (20. Nxc7 Bxf5 21. gxf5 Qxc7 $16) 20... Be8) 20. Nf3 $18 a6 21. Nc3 Rf7 22. Ne4 b5 23. Neg5 Rg7 24. Qe4 (24. cxb5 axb5 25. Ne6 (25. Qxb5 $2 Ba6 $19) 25... b4 $18) (24. Nxe5 $6 Qxe5 25. Qe4 (25. cxb5 axb5 26. Qe4 Qxe4 $17) 25... bxc4 26. Qxe5 (26. Qxc4 Bb7 $17) 26... dxe5 $16) 24... bxc4 $2 {[%emt 0:03:47] [#]} (24... Bf6 25. Ne6 Bxe6 26. dxe6 Qb7 27. Qxb7 Rxb7) 25. Ne6 $1 $18 (25. Qxc4 Rb8 $18) 25... Bxe6 26. dxe6 Re8 27. Nxe5 dxe5 28. g5 Qb7 29. Rh4 (29. Qxe5 $2 Qf3 30. f6 Qxh5 $19) (29. Qxc4 Qb1+ 30. Ke2 Qxf5 $15) 29... Rc7 (29... Qxe4 $142 30. Rxe4 Rc7 31. Rxe5 (31. Rxc4 Rf8 $18) 31... Rc6) 30. Qxb7 Rxb7 31. Rxc4 h6 32. Rxc5 (32. Bxc5 hxg5 33. Bd6 Rb6 $16) 32... hxg5 33. a4 Rb1+ 34. Kg2 Rb4 35. Kg3 (35. Rxe5 Kg7 $18) 35... Rb1 36. Rxe5 Kg7 37. Bxg5 Rc8 38. f6+ Kg6 39. f7 Rg1+ 40. Kf3 (40. Kf4 $142 Rgc1 41. Be7 R1c4+ 42. Kf3 Rc3+ 43. Kg2) 40... Kg7 41. Be7 (41. Rf5 $142 Kg6 42. f8=Q (42. f8=R Re1 43. Be3 Rxe3+ 44. fxe3 Rc7 45. R8f6+ Kh7 46. Rf7+ Kg6 47. Rxc7 Kxf5) 42... Rxf8 43. Rxf8 Kxg5 44. e7 (44. Rg8+ Kf5 45. Rxg1 Kxe6 46. Rg6+ Ke7 47. Rxa6 Kf7 48. a5 Ke7) 44... Re1 45. e8=Q (45. e8=B Rc1 $18) 45... Rxe8 46. Rxe8) 1-0

[Event "Baku Open 2024"]
[Site "Baku"]
[Date "2024.07.07"]
[Round "9.21"]
[White "Ajay Santhosh Parvathareddy"]
[Black "Ahmad, Khagan"]
[Result "0-1"]
[ECO "B90"]
[WhiteElo "2163"]
[BlackElo "2401"]
[Annotator "TA"]
[PlyCount "116"]
[EventDate "2024.06.29"]
[EventType "swiss"]
[EventCountry "AZE"]
[SourceTitle "playchess.com"]
[Source "ChessBase"]
[SourceQuality "1"]
[TimeControl "5400+30"]

1. e4 c5 2. Nf3 d6 3. d4 cxd4 4. Nxd4 Nf6 5. Nc3 a6 6. Be3 e5 7. Nb3 Be6 8. h3 {[%emt 0:00:08] B90: Sicilian Najdorf: Unusual White 6th moves, 6 Be3 Ng4 and 6 Be3 e5.} Be7 9. Qf3 Nbd7 10. O-O-O Rc8 11. Nd5 $1 {[%emt 0:04:02] 11.g4 is not played anymore.} Bxd5 12. exd5 Nb6 13. Bxb6 Qxb6 14. Bd3 $146 ({Predecessor:} 14. Kb1 a5 15. g4 a4 16. Nd2 O-O 17. a3 Qc5 18. c4 b5 19. g5 e4 20. Qc3 {½-½ Babiy,O (2363)-Guerra Bastida,D (2299) Palma de Mallorca op 5th 2016 (9)}) 14... Nd7 15. Kb1 g6 16. g4 Bh4 17. Rdf1 Qd8 18. Rfg1 Qg5 19. Na5 Nc5 20. Nc4 Qd8 21. Qe3 O-O 22. Nd2 Bg5 23. Qe2 Bxd2 24. Qxd2 Qh4 25. f3 Rc7 26. c3 b5 27. Bc2 Re8 (27... Rb8 $17 28. f4 Nd7) 28. f4 exf4 29. Qxf4 Re5 30. Rd1 Rce7 31. b4 {[%emt 0:03:06] [#]} (31. a3 $15) 31... Nd7 $1 $17 32. Qd4 (32. Rc1 $17) 32... Re3 $19 33. c4 (33. Qf4 $142) 33... bxc4 $19 (33... Rxh3 34. Rxh3 Qxh3 35. c5) 34. Qxc4 Re2 $2 ({Inferior is} 34... Rxh3 35. Rxh3 Qxh3 36. Qc7 $11) ({Black should try} 34... Ne5 $19 35. Qxa6 Qf6 (35... Rxh3 36. Rxh3 Qxh3 37. Qxd6 $15) (35... Qf2 36. Rhf1 $11)) 35. Qxa6 $11 Qg3 36. Qc8+ Kg7 37. Qc4 $1 R7e3 (37... Qf3 $1 $15 38. Rhf1 Qxh3) 38. Qd4+ Ne5 39. Rdg1 $2 (39. b5 $11) 39... Qf2 $19 40. Qb2 Re1+ $2 (40... Kg8 {( -> ...Nc4)} 41. Rf1 Rxh3) 41. Rxe1 $19 Rxe1+ 42. Rxe1 Qxe1+ 43. Qc1 Qxb4+ 44. Bb3 Qe4+ 45. Ka1 (45. Bc2 {was worth a try.} Qxd5 46. Qd1 Qb7+ 47. Bb3) 45... Qd4+ 46. Qb2 $2 (46. Kb1) 46... Qg1+ $19 47. Qb1 Qe3 ({Don't take} 47... Qg2 48. Qc1 Qxh3 49. g5 $19) 48. a4 Qxh3 49. Qb2 $2 (49. Bd1) 49... Qxg4 $19 50. Qc3 h5 51. a5 h4 52. a6 h3 53. a7 Qg1+ 54. Kb2 Qf2+ 55. Bc2 Qxa7 56. Qxh3 Nc4+ 57. Kb1 Qd4 58. Kc1 Qa1+ 0-1

[Event "Baku Open 2024"]
[Site "Baku"]
[Date "2024.07.07"]
[Round "9.22"]
[White "Davidov, Samir"]
[Black "Soham Kamotra"]
[Result "0-1"]
[ECO "D02"]
[WhiteElo "2244"]
[BlackElo "2388"]
[Annotator "TA"]
[PlyCount "66"]
[EventDate "2024.06.29"]
[EventType "swiss"]
[EventCountry "AZE"]
[SourceTitle "playchess.com"]
[Source "ChessBase"]
[SourceQuality "1"]
[TimeControl "5400+30"]

1. d4 Nf6 2. Bf4 e6 3. e3 c5 4. c3 d5 5. Nf3 Nc6 6. Nbd2 cxd4 7. exd4 Nh5 8. Bg5 f6 9. Bh4 (9. Be3 $142 Bd6 10. Bb5) 9... Bd6 $11 10. Ne5 Nf4 11. Nd3 Ng6 {[%emt 0:05:49] Black is more active.} 12. Qh5 (12. Bg3 $15) 12... O-O $17 13. Be2 Nxh4 14. Qxh4 Ne7 (14... Qc7 $17 15. f4 e5 16. dxe5 fxe5 17. fxe5 Nxe5 18. Nxe5 Bxe5) 15. f4 $1 $15 {[%emt 0:01:24] [#]} Qc7 ({Black should play} 15... Ng6 $1 $17 16. Qg3 Re8) 16. O-O $11 Bd7 17. Bg4 Rae8 (17... Ng6 $15 {was preferrable.} 18. Qg3 Kh8) 18. Qh3 Nf5 19. Rae1 g6 20. Qf3 Kh8 21. Nb3 (21. Bxf5 $11 gxf5 22. Re3) 21... b6 22. Qd1 a5 23. Bf3 (23. Nbc1 $15) 23... a4 $17 ({Don't play} 23... Bxf4 24. Nxf4 Qxf4 25. Bxd5 $11) 24. Nbc1 a3 {[%emt 0:00:07] [#] And now ...axb2 would win.} 25. Rf2 (25. Qd2 $17) 25... axb2 $19 ({But not} 25... Bxf4 26. Nxf4 Qxf4 27. bxa3 $17) 26. Rxb2 Qxc3 ({Inferior is} 26... Bxf4 27. Nxf4 Qxf4 28. Rxb6 $11) 27. Ne2 Qa5 {[%emt 0:00:57] Strongly threatening ...Ba3.} 28. Qb1 (28. Qd2 $142) 28... Rb8 29. Rc1 $2 (29. Bg4 {keeps fighting.}) 29... Ba3 30. Rc7 Bxb2 {[%emt 0:00:22] Black is clearly winning.} 31. Qxb2 Bb5 32. Nb4 Rbc8 33. Rb7 (33. Rc3 $142) 33... Bc6 {[%emt 0:00:38] Weighted Error Value: White=0.61/Black=0.10 (very precise) .  Mistake:       	White=8     	Black=3      Inaccurate:     	White=2     	Black=1      OK:         	White=5     	Black=20     Best:        	White=1     	---        Strong:       	White=1     	---} 0-1